 Dungeon Crawl Stone Soup version 0.21-a0-346-g330ab2c (webtiles) character file.

31135 4thArraOfDagon the Severer (level 13, -1/119 HPs)
             Began as a Hill Orc Enchanter on Oct 5, 2017.
             Was a High Priest of Yredelemnul.
             Slain by Rupert
             ... wielding a +1 great mace of protection
              (40 damage)
             ... on level 2 of the Orcish Mines.
             The game lasted 01:14:58 (12828 turns).

4thArraOfDagon the Severer (Hill Orc Enchanter)    Turns: 12828, Time: 01:14:59

Health: -1/119     AC: 13    Str: 14    XL:     13   Next: 56%
Magic:  4/16       EV: 11    Int: 19    God:    Yredelemnul [*****.]
Gold:   1268       SH:  0    Dex: 11    Spells: 2/15 levels left

rFire    . . .     SeeInvis .   T - +5 battleaxe
rCold    . . .     Gourm    .   (shield currently unavailable)
rNeg     . . .     Faith    .   R - +0 troll leather armour
rPois    +         Spirit   .   (helmet restricted)
rElec    .         Reflect  .   (no cloak)
rCorr    .         Harm     .   t - +1 pair of gloves
MR       +....                  y - +1 pair of boots
Stlth    ++........             (no amulet)
HPRegen  0.69/turn              w - ring of protection from magic
MPRegen  0.15/turn              b - ring of Gumur {+Fly rPois Str+4}

@: no status effects
A: hooves 2, horns 1, icy blue scales 1, low mp 1, weak 1
a: Recall Undead Slaves, Injury Mirror, Animate Dead, Drain Life, Enslave Soul,
Renounce Religion, Evoke Flight


You were on level 2 of the Orcish Mines.
You worshipped Yredelemnul.
Yredelemnul was extremely pleased with you.
You were very hungry.

You visited 3 branches of the dungeon, and saw 18 of its levels.
You also visited: Bailey.

You collected 1576 gold pieces.
You spent 308 gold pieces at shops.

Inventory:

Hand Weapons
 a - the cursed +3 falchion of Wrath {slice, rF+ rC++, unknown}
   (You found it on level 12 of the Dungeon)

   It inflicts extra damage upon your enemies.
   It protects you from fire.
   It greatly protects you from cold.
   It has a curse placed upon it.
 p - a +1 flail of protection
 r - a +0 blowgun
 T - a +5 battleaxe (weapon)
Armour
 d - a +1 pair of gloves
 j - the +0 leather armour "Raah" {rElec}
   (You bought it in a shop on level 6 of the Dungeon)

   It insulates you from electricity.
 n - a +0 helmet
 t - a +1 pair of gloves (worn)
 y - a +1 pair of boots (worn)
 G - the +1 buckler "Kasama" {+Blink rPois MR- Dex+7, unknown}
   (You found it on level 11 of the Dungeon)

   It affects your dexterity (+7).
   It protects you from poison.
   It affects your resistance to hostile enchantments.
   It lets you blink.
 P - +0 swamp dragon scales
 R - a +0 troll leather armour (worn)
 W - a +2 robe of fire resistance
Magical Staves
 Z - an uncursed staff of poison {unknown}
Jewellery
 b - the ring of Gumur (right hand) {+Fly rPois Str+4}
   (You took it off a centaur warrior on level 14 of the Dungeon)

   [ring of flight]

   It affects your strength (+4).
   It protects you from poison.
   It lets you fly.
 g - an uncursed ring of see invisible
 w - a ring of protection from magic (left hand)
 I - an uncursed ring of resist corrosion
Wands
 K - a wand of paralysis (2/24)
 L - a wand of clouds (0/9)
 S - a wand of iceblast (8/15)
Scrolls
 e - 2 scrolls of remove curse
 h - 2 scrolls of enchant armour {unknown}
 o - 2 scrolls of immolation
 s - 3 scrolls of silence {unknown}
 u - 3 scrolls of enchant weapon {unknown}
 v - a scroll of summoning {unknown}
 A - a scroll of magic mapping
 D - 2 scrolls of blinking
 H - a scroll of noise {unknown}
 U - a scroll of vulnerability {unknown}
Potions
 k - 9 potions of curing
 l - 2 potions of ambrosia
 m - a potion of resistance
 q - 6 potions of heal wounds
 z - a potion of haste
 C - a potion of flight
 E - a potion of mutation
 F - 2 potions of degeneration {unknown}
 J - 2 potions of might {unknown}
 Y - a potion of agility {unknown}
Books
 c - a book of Maledictions

   Spells                             Type                      Level
   a - Corona                         Hexes                        1
   b - Ensorcelled Hibernation        Hexes/Ice                    2
   c - Confuse                        Hexes                        3
   d - Tukima's Dance                 Hexes                        3
   e - Dazzling Spray                 Conjuration/Hexes            3
 f - a book of Unlife

   Spells                             Type                      Level
   a - Recall                         Summoning/Translocation      3
   b - Animate Dead                   Necromancy                   4
   c - Control Undead                 Necromancy                   4
   d - Cigotuvi's Embrace             Necromancy                   5
   e - Death Channel                  Necromancy                   6
   f - Simulacrum                     Ice/Necromancy               6
 x - the Catalogue of the Hidden Cities
   (You found it on level 14 of the Dungeon)

   Spells                             Type                      Level
   a - Excruciating Wounds            Charms/Necromancy            5
   b - Bolt of Draining               Conjuration/Necromancy       5
   c - Dispel Undead                  Necromancy                   5
   d - Blade Hands                    Transmutation                5
 V - a book of Necromancy

   Spells                             Type                      Level
   a - Pain                           Necromancy                   1
   b - Animate Skeleton               Necromancy                   1
   c - Vampiric Draining              Necromancy                   3
   d - Regeneration                   Charms/Necromancy            3
   e - Animate Dead                   Necromancy                   4
   f - Control Undead                 Necromancy                   4
Miscellaneous
 M - a lightning rod (4/4)
 N - a box of beasts
 O - a lamp of fire
 X - 2 phantom mirrors
Comestibles
 i - 6 meat rations
 B - a bread ration


   Skills:
 + Level 12.7 Fighting
   Level 1.0 Short Blades
 * Level 19.1 Axes
 + Level 11.6 Armour
 - Level 1.5 Dodging
 - Level 2.4 Stealth
 - Level 1.5 Spellcasting
 - Level 3.0 Hexes
 - Level 7.0 Invocations


You had 2 spell levels left.
You knew the following spells:

 Your Spells              Type           Power        Failure   Level  Hunger
a - Corona                Hex            ##.....      6%          1    ##.....
b - Ensorcelled Hibernat  Hex/Ice        #.....       17%         2    ###....
c - Confuse               Hex            ##......     19%         3    ####...
d - Regeneration          Chrm/Necr      #.........   54%         3    ####...
e - Control Undead        Necr           #.........   91%         4    #####..


Dungeon Overview and Level Annotations

Branches:
Dungeon (15/15)            Temple (1/1) D:4            Lair (0/6) D:11
    Orc (2/2) D:11            Elf (0/3) Orc:2        Depths (0/5) D:15
 Vaults: D:13-14

Altars:
Ashenzari
Elyvilon
Gozag
Hepliaklqana
Vehumet
Yredelemnul
Beogh

Shops:
D:4 **}   D:6 [   D:7 =   D:10 }

Annotations:
D:4 Eustachio
D:6 exclusion: scorpion
D:14 Louise
Orc:2 Rupert


Innate Abilities, Weirdness & Mutations

You have hoof-like feet.
You have a pair of small horns on your head.
You are partially covered in icy blue scales. (AC +2)
Your magical capacity is low. (-10% MP)
You are weak. (Str -2)


Message History

Unknown command.
Unknown command.
You draw life from your surroundings.
You draw life from Rupert.
Rupert is heavily wounded.
You draw life from the orc warrior.
The orc warrior is severely wounded.
You feel life flooding into your body.
You feel somewhat more hungry.
Rupert hits you with a great mace of protection!
Unknown command.
Unknown command.
Unknown command.
Evoke which item? (* to show all) (? for menu, Esc to quit)
Okay, then.
Okay, then.
Evoke which item? (* to show all) (? for menu, Esc to quit)
You open the lid... ...and a larval oxfire beast leaps out!
Rupert hits you with a great mace of protection!!!
You die...
Your body rises from the dead as a mindless zombie.

**,***,,,*##.##**,,...$...,,,,,,
*,,,,,,,***...##,,,.......,,,,,,
*,,,,,,,,*##...**,,.......,,,,,,
*,,,,,,,,,#...#*###.......,,,,,,
*,,,..,,,**#o.###......#..,,,,,,
**.....,####...#........#*,,<,,,
**.....##.#.))...)......#,,,,,,,
*,.............@H.#.##.#..,,,,,,
**...........)†@.####****,,,,,,,
**#.............#.##*****,,,,,,
##................#*,****,,,,,
##..............#.##,,,**,,,,*,
#..............#.##**,,,,,,,*,,
##.................# **,,,,,,*,,
#..............##.## **,,,,,,,*
#..............##.## **,,,,,,*
##.................# **,,,,,,,*


You could see Rupert (berserk), an orc warrior (confused) and a friendly larval
oxfire beast.

Vanquished Creatures
  6 centaur warriors
  2 two-headed ogres
  3 unseen horrors
  A wizard (D:11)
  A necromancer (D:15)
  3 cyclopes
  2 manticores
  2 ugly things
  3 gargoyles
  A komodo dragon (D:10)
  A tengu conjurer (D:13)
  4 trolls
  A meliai zombie (D:14)
  5 slime creatures (D:14)
  A hippogriff (D:15)
  A wraith (D:14)
  A wyvern (D:11)
  13 yaks
  3 shadows
  A steam dragon (D:11)
  5 vampire mosquitoes
  2 soldier ants (D:13)
  2 acid dragons
  3 wargs (Orc:1)
  9 orc warriors
  An ice beast (D:11)
  5 sky beasts
  10 ogres
  A necrophage (D:9)
  5 centaurs
  5 bullfrogs
  A big kobold (D:14)
  2 scorpions
  2 killer bees (D:11)
  9 wights (D:14)
  2 howler monkeys
  4 crimson imps
  A bullfrog zombie (D:6)
  7 hounds
  A quasit (D:15)
  4 jellies
  A bullfrog skeleton (D:5)
  7 orc priests
  15 orc wizards
  3 iguanas
  7 worker ants
  A hound skeleton (D:4)
  A worker ant zombie (D:6)
  12 adders
  3 shadow imps
  2 oozes
  An adder zombie (D:6)
  An adder skeleton (D:4)
  A worm (D:2)
  2 dart slugs
  2 leopard geckos
  38 orcs
  A ball python (D:2)
  5 bats
  8 giant cockroaches
  4 goblins
  8 hobgoblins
  2 jackals (D:4)
  14 kobolds
  5 quokkas
  A ball python skeleton (D:4)
  7 frilled lizards
  A jackal skeleton (D:5)
  4 rats
  A plant (D:12)
294 creatures vanquished.

Vanquished Creatures (collateral kills)
  A centaur warrior (D:14)
  2 hydras
  Nergalle (D:11)
  A storm dragon skeleton (D:15)
  8 wizards
  3 unseen horrors
  An oklob plant (D:12)
  4 ugly things (D:15)
  2 centaur zombies
  A centaur skeleton (D:14)
  5 trolls
  3 hippogriffs
  A centaur simulacrum (D:14)
  5 slime creatures
  A wyvern (D:14)
  A yak (D:11)
  A vampire mosquito (D:14)
  A soldier ant (D:10)
  A water moccasin (D:10)
  2 orc warriors
  An ice beast (D:15)
  A phantom (D:12)
  An eye of draining (D:12)
  A sky beast (D:10)
  An ogre (D:11)
  A necrophage (D:11)
  A centaur (D:11)
  A crocodile (D:11)
  A big kobold (D:11)
  2 bullfrogs
  A wyvern zombie (D:11)
  3 jellies
  2 scorpions
  6 killer bees (D:11)
  An electric eel (D:14)
  3 wights (D:12)
  A crimson imp (D:12)
  3 orc wizards
  An iguana (D:11)
  A worm (D:6)
  A leopard gecko (D:11)
  12 orcs
  2 kobolds (D:11)
  A plant (D:12)
94 creatures vanquished.

Vanquished Creatures (others)
  2 centaur zombies
  11 flying skulls
  A wraith (D:15)
  A two-headed ogre zombie (D:15)
  A human zombie (D:11)
  5 vampire mosquito zombies
  A hippogriff zombie (D:15)
  A wyvern zombie (D:14)
  A tengu zombie (D:13)
  2 yak zombies
  4 troll zombies
  A yak skeleton (D:13)
  2 wights
  A bullfrog zombie (D:10)
  A soldier ant zombie (D:10)
  A centaur skeleton (D:11)
  5 killer bee zombies (D:11)
  An acid dragon zombie (D:14)
  2 ogre zombies
  A big kobold zombie (D:11)
  A necrophage skeleton (D:9)
  A hound zombie (D:6)
  A mummy (D:14)
  A worker ant zombie (D:11)
  A quokka (D:8)
  A kobold zombie (D:11)
  12 orc zombies
  2 quokka zombies
  4 withered plants (D:15)
69 creatures vanquished.

Grand Total: 457 creatures vanquished

Notes
Turn   | Place    | Note
-------+----------+-------------------------------------------
     0 | D:1      | 4thArraOfDagon the Hill Orc Enchanter began the quest for the Orb.
     0 | D:1      | Reached XP level 1. HP: 14/14 MP: 3/3
    42 | D:2      | Reached skill level 1 in Fighting
   111 | D:2      | Reached skill level 1 in Axes
   156 | D:2      | Reached XP level 2. HP: 22/23 MP: 2/4
   162 | D:2      | Learned a level 2 spell: Ensorcelled Hibernation
   229 | D:3      | Reached skill level 2 in Axes
   740 | D:3      | Reached skill level 3 in Axes
   740 | D:3      | Reached XP level 3. HP: 11/28 MP: 1/5
   981 | D:4      | Found Fuiv's Gadget Shop.
   994 | D:4      | Found a staircase to the Ecumenical Temple.
  1009 | D:4      | Noticed an ogre
  1017 | Temple   | Entered the Ecumenical Temple
  1033 | Temple   | Became a worshipper of Yredelemnul the Dark
  1186 | D:4      | Reached skill level 4 in Axes
  1186 | D:4      | Reached skill level 1 in Invocations
  1186 | D:4      | Reached XP level 4. HP: 30/35 MP: 6/6
  1291 | D:5      | Entered Level 5 of the Dungeon
  1319 | D:5      | Noticed a water moccasin
  1343 | D:5      | Learned a level 3 spell: Confuse
  1404 | D:4      | Killed an ogre
  1404 | D:4      | Reached skill level 5 in Axes
  1404 | D:4      | Reached XP level 5. HP: 29/40 MP: 7/7
  1491 | D:4      | Found Kamymeam's General Store.
  1494 | D:4      | Bought a scroll of identify for 24 gold pieces
  1494 | D:4      | Bought a scroll of identify for 24 gold pieces
  1505 | D:4      | Noticed Eustachio
  1627 | D:4      | Found Lom Tydosa's General Store.
  1840 | D:4      | Reached skill level 6 in Axes
  1909 | D:2      | Reached XP level 6. HP: 42/47 MP: 5/8
  2237 | D:1      | Reached * piety under Yredelemnul
  2899 | D:5      | Found a white marble altar of Elyvilon.
  3067 | D:5      | Reached skill level 1 in Armour
  3156 | D:5      | Reached skill level 7 in Axes
  3188 | D:5      | Reached XP level 7. HP: 45/56 MP: 10/10
  3586 | D:8      | Noticed a steam dragon
  4179 | D:6      | Reached skill level 8 in Axes
  4182 | D:6      | Gained mutation: Your body sometimes deteriorates upon taking damage. [mutagenic meat]
  4183 | D:6      | Gained mutation: Your magical capacity is low. (-10% MP) [mutagenic meat]
  4184 | D:6      | Gained mutation: You have large cloven feet. [mutagenic meat]
  4185 | D:6      | Lost mutation: Your body sometimes deteriorates upon taking damage. [mutagenic meat]
  4515 | D:5      | Reached skill level 5 in Invocations
  4688 | D:7      | Reached XP level 8. HP: 56/64 MP: 6/10
  4782 | D:7      | Reached ** piety under Yredelemnul
  4826 | D:7      | Found Qarr's Jewellery Emporium.
  4987 | D:7      | Reached skill level 9 in Axes
  5228 | D:6      | Found Zafaoq's Antique Armour Shoppe.
  5250 | D:6      | Bought a pitted leather armour for 140 gold pieces
  5260 | D:6      | Identified the +0 leather armour "Raah" {rElec} (You bought it in a shop on level 6 of the Dungeon)
  5260 | D:6      | :/
  5927 | D:8      | Noticed a wraith
  5927 | D:8      | Noticed a wraith
  5928 | D:8      | Found the +5 scythe "Finisher" {speed, Str+3}
  6014 | D:10     | Entered Level 10 of the Dungeon
  6019 | D:10     | Noticed a yak
  6020 | D:10     | Noticed a yak
  6049 | D:10     | Reached skill level 5 in Fighting
  6053 | D:10     | Found Iczuolun's Quality Used Wands.
  6085 | D:10     | Found a flagged portal.
  6090 | D:10     | :/
  6098 | Bailey   | Entered a bailey
  6098 | Bailey   | Noticed an orc knight
  6299 | D:10     | Bought a wand of clouds (0/9) for 120 gold pieces
  6342 | D:10     | Reached skill level 10 in Axes
  6342 | D:10     | Reached XP level 9. HP: 74/74 MP: 10/12
  6369 | D:9      | Noticed a two-headed ogre
  6827 | D:9      | Sergey: why cannot ghoul use passage?
  6889 | D:9      | Killed a two-headed ogre
  6889 | D:9      | Reached skill level 11 in Axes
  6889 | D:9      | Reached skill level 5 in Armour
  7247 | D:10     | Reached skill level 12 in Axes
  7253 | D:10     | Reached XP level 10. HP: 74/85 MP: 4/13
  7399 | D:10     | Gained mutation: You expend magic power (3 MP) to strengthen your wands. [mutagenic meat]
  7538 | D:10     | Noticed an unseen horror
  7562 | D:10     | Killed an unseen horror
  7562 | D:10     | Reached *** piety under Yredelemnul
  7611 | D:11     | Found a staircase to the Lair.
  7920 | D:10     | Lost mutation: Your magical capacity is low. (-10% MP) [potion of mutation]
  7920 | D:10     | Lost mutation: You expend magic power (3 MP) to strengthen your wands. [potion of mutation]
  7920 | D:10     | Gained mutation: Your spells are a little harder to cast, but a little more powerful. [potion of mutation]
  7920 | D:10     | Gained mutation: You are partially covered in icy blue scales. (AC +2) [potion of mutation]
  8030 | D:11     | Noticed Nergalle
  8062 | D:11     | Reached skill level 13 in Axes
  8088 | D:11     | Noticed a wizard
  8098 | D:11     | Killed a wizard
  8136 | D:11     | Noticed an unseen horror
  8157 | D:11     | Killed an unseen horror
  8342 | D:11     | Noticed an unseen horror
  8353 | D:11     | Killed an unseen horror
  8382 | D:11     | Received a gift from Yredelemnul (3 flying skulls)
  8388 | D:11     | Reached skill level 14 in Axes
  8479 | D:11     | Learned a level 3 spell: Regeneration
  8518 | D:11     | Killed Nergalle
  8518 | D:11     | Reached XP level 11. HP: 93/93 MP: 16/16
  8596 | D:11     | Noticed a wizard
  8643 | D:11     | Your ally Nergalle died
  8778 | D:12     | Found a hazy altar of Hepliaklqana.
  8778 | D:12     | Noticed an oklob plant
  8818 | D:12     | Noticed a six-headed hydra
  8821 | D:12     | Killed an oklob plant
  8821 | D:12     | Reached **** piety under Yredelemnul
  8830 | D:12     | Killed a six-headed hydra
  9048 | D:12     | Got a crystal falchion
  9073 | D:11     | Noticed a wizard
  9099 | D:11     | Killed a wizard
  9102 | D:11     | Noticed a wizard
  9115 | D:11     | Killed a wizard
  9115 | D:11     | Reached skill level 15 in Axes
  9150 | D:11     | Noticed a wizard
  9156 | D:11     | Killed a wizard
  9159 | D:11     | Killed a wizard
  9184 | D:11     | Noticed a wizard
  9206 | D:11     | Killed a wizard
  9219 | D:11     | Noticed a wizard
  9233 | D:11     | Killed a wizard
  9239 | D:11     | Got a smoking buckler
  9456 | D:11     | Killed a wizard
  9470 | D:11     | Reached skill level 10 in Fighting
  9517 | D:13     | Noticed a centaur warrior
  9534 | D:13     | Killed a centaur warrior
  9626 | D:13     | Noticed an unseen horror
  9633 | D:13     | Killed an unseen horror
  9716 | D:15     | Entered Level 15 of the Dungeon
  9780 | D:14     | Noticed an unseen horror
  9786 | D:14     | Killed an unseen horror
  9786 | D:14     | Reached skill level 16 in Axes
  9838 | D:14     | Reached XP level 12. HP: 87/105 MP: 8/17
  9875 | D:14     | Learned a level 4 spell: Control Undead
  9898 | D:14     | Noticed Louise
  9913 | D:14     | Noticed a centaur warrior
  9921 | D:14     | Noticed a centaur warrior
  9921 | D:14     | Noticed a centaur warrior
  9923 | D:14     | Noticed an eight-headed hydra
 10275 | D:13     | Received a gift from Yredelemnul (a mummy)
 10503 | D:13     | Reached ***** piety under Yredelemnul
 10566 | D:14     | Killed a centaur warrior
 10566 | D:14     | Reached skill level 10 in Armour
 10590 | D:14     | Noticed a centaur warrior
 10603 | D:14     | Killed a centaur warrior
 10603 | D:14     | Reached skill level 17 in Axes
 10782 | D:13     | Killed an eight-headed hydra
 10976 | D:14     | Identified the Catalogue of the Hidden Cities
 11080 | D:14     | HP: 4/110 [centaur warrior (9)]
 11081 | D:14     | Killed a centaur warrior
 11094 | D:14     | Got a warped turquoise ring
 11109 | D:14     | Identified the ring of Gumur {+Fly rPois Str+4} (You took it off a centaur warrior on level 14 of the Dungeon)
 11270 | D:14     | Received a gift from Yredelemnul (3 flying skulls)
 11369 | D:14     | Noticed a centaur warrior
 11384 | D:14     | Killed a centaur warrior
 11384 | D:14     | Reached skill level 18 in Axes
 11384 | D:14     | Reached XP level 13. HP: 93/117 MP: 16/18
 11523 | D:14     | Received a gift from Yredelemnul (5 flying skulls)
 11769 | D:15     | Gained mutation: You are weak. (Str -2) [mutagenic meat]
 11771 | D:15     | Lost mutation: Your spells are a little harder to cast, but a little more powerful. [mutagenic meat]
 11772 | D:15     | Gained mutation: You have a pair of small horns on your head. [mutagenic meat]
 11776 | D:15     | Gained mutation: Your magical capacity is low. (-10% MP) [mutagenic meat]
 11777 | D:15     | Gained mutation: Potions are less effective at restoring your health. [mutagenic meat]
 11778 | D:15     | Lost mutation: Potions are less effective at restoring your health. [mutagenic meat]
 11779 | D:15     | Gained mutation: You have hoof-like feet. [mutagenic meat]
 11841 | D:15     | Received a gift from Yredelemnul (a wraith)
 12041 | D:15     | Found a staircase to the Depths.
 12108 | D:13     | Received a gift from Yredelemnul (a wight)
 12355 | D:11     | Found a staircase to the Orcish Mines.
 12362 | D:11     | Found a roughly hewn altar of Beogh.
 12387 | Orc:1    | Entered Level 1 of the Orcish Mines
 12475 | Orc:1    | Reached skill level 19 in Axes
 12585 | Orc:1    | Received a gift from Yredelemnul (a wight)
 12745 | Orc:2    | Entered Level 2 of the Orcish Mines
 12793 | Orc:2    | Noticed Rupert
 12808 | Orc:2    | :?
 12828 | Orc:2    | Slain by Rupert

Vault maps used:
D:1:      shiori_arrival_oz, due_unseen_surprise
D:4:      minmay_temple_entry_statues_fountains, first_bread, serial_shops,
          nicolae_shop_crystal, kennysheep_mini_moat, shop, uniq_eustachio
D:5:      kb_forest_paths, old_standard_altar
D:6:      serial_shops, nicolae_shop_waterfront
D:7:      serial_shops, shop, kennysheep_small_square
D:8:      serial_shops, nicolae_shop_waterfront, grunt_ogre_cave,
          minmay_guarded_unrand_finisher
D:9:      serial_bayou_crossing
D:10:     enter_bailey_2, nicolae_for_you_no_charge
D:11:     minmay_smoke_and_mirrors, lair_entry_dummy,
          minmay_orc_entry_temple_small, uniq_nergalle
D:12:     lemuel_oklob_altar
D:13:     hangedman_vaults_entry_quadrant_bands
D:14:     kennysheep_cross_room, minmay_the_grid_square_5x5_3x3_mashed,
          uniq_louise
D:15:     gammafunk_depths_entry_grave, serial_shops, shop, uniq_azrael
Temple:   roderic_octagonal_lattice_temple
Orc:2:    grunt_orc_tribal_feast, lab_entry_generic, minmay_orc_temple_a,
          uniq_josephine, uniq_snorg, uniq_rupert
Bailey:   bailey_polearm_4, bailey

Skill      XL: |  1  2  3  4  5  6  7  8  9 10 11 12 13 |
---------------+----------------------------------------+-----
Fighting       | 1 2 3 5 7 8 10 11 12 | 12.7
Axes           | 1 3 4 5 6 7 8 10 12 14 16 18 19 | 19.1
Invocations    | 1 2 3 4 5 6 7 |  7.0
Armour         | 1 2 4 6 7 9 10 11 | 11.6
Short Blades   | |  1.0
Dodging        | |  1.5
Stealth        | |  2.4
Spellcasting   | |  1.5
Hexes          | |  3.0

Action                   |  1- 3 |  4- 6 |  7- 9 | 10-12 | 13-15 || total
-------------------------+-------+-------+-------+-------+-------++-------
Melee: Dagger            |    48 |    10 |     2 |       |       ||    60
       Flail             |    36 |   173 |   367 |   155 |       ||   731
       Battleaxe         |       |       |    14 |   303 |   174 ||   491
       Headbutt          |       |       |       |       |    15 ||    15
Throw: Throwing net      |       |       |       |     2 |       ||     2
 Cast: Corona            |    11 |     1 |    50 |    47 |       ||   109
       Ensorcelled Hiber |     5 |     8 |     2 |       |       ||    15
       Confuse           |       |       |     3 |       |       ||     3
Invok: Animate Remains   |       |     1 |     9 |     3 |       ||    13
       Recall Undead Sla |       |       |     1 |     7 |     3 ||    11
       Animate Dead      |       |       |       |    27 |    11 ||    38
       Drain Life        |       |       |       |     1 |     2 ||     3
Evoke: Wand              |       |       |     4 |     7 |     1 ||    12
       Box of beasts     |       |       |       |       |     1 ||     1
  Use: Potion            |       |     5 |     1 |     3 |       ||     9
       Scroll            |       |     4 |    12 |     6 |     1 ||    23
 Stab: Sleeping          |     6 |     7 |     2 |     4 |       ||    19
       Paralysed         |       |       |     3 |     9 |       ||    12
       Confused          |       |       |     1 |     3 |       ||     4
       Distracted        |       |       |       |     5 |     3 ||     8
       Invisible         |       |       |       |     3 |       ||     3
  Eat: Chunk             |     2 |     8 |    14 |    12 |    12 ||    48
       Fruit             |       |       |     4 |       |       ||     4
       Bread ration      |       |       |     1 |     3 |       ||     4
       Royal jelly       |       |       |     1 |       |     1 ||     2
       Meat ration       |       |       |       |     1 |       ||     1
Armor: Robe              |    26 |    55 |       |       |       ||    81
       Ring mail         |       |    18 |   143 |       |       ||   161
       Leather armour    |       |       |    58 |    14 |       ||    72
       Troll leather arm |       |       |       |   181 |    64 ||   245
       Swamp dragon scal |       |       |       |    21 |       ||    21
Dodge: Dodged            |    44 |   126 |   209 |   234 |    80 ||   693

Table legend:
 A = Spawn XP
 B = Non-spawn XP
 C = Spawn XP percentage of total XP
 D = Spawn monster count
 E = Non-spawn monster count
 F = Spawn count percentage of total count
 G = Total turns spent on level
                    A         B        C        D         E        F      G
               +---------+---------+-------+---------+---------+-------+---------
         Total |       0 |   44479 |   0.0 |       0 |     386 |   0.0 | 12828
               +---------+---------+-------+---------+---------+-------+---------
           D:1 |       0 |      32 |   0.0 |       0 |      15 |   0.0 |   402
           D:2 |       0 |      61 |   0.0 |       0 |      19 |   0.0 |   697
           D:3 |       0 |      52 |   0.0 |       0 |      19 |   0.0 |   781
           D:4 |       0 |     253 |   0.0 |       0 |      11 |   0.0 |   838
           D:5 |       0 |     304 |   0.0 |       0 |      11 |   0.0 |   728
           D:6 |       0 |     803 |   0.0 |       0 |      24 |   0.0 |  1009
           D:7 |       0 |     670 |   0.0 |       0 |      12 |   0.0 |   940
           D:8 |       0 |      49 |   0.0 |       0 |       3 |   0.0 |   520
           D:9 |       0 |    1613 |   0.0 |       0 |      15 |   0.0 |   796
          D:10 |       0 |    2133 |   0.0 |       0 |      19 |   0.0 |  1023
          D:11 |       0 |    7199 |   0.0 |       0 |      61 |   0.0 |  1220
          D:12 |       0 |    2500 |   0.0 |       0 |      24 |   0.0 |   468
          D:13 |       0 |    7275 |   0.0 |       0 |      33 |   0.0 |  1117
          D:14 |       0 |   13975 |   0.0 |       0 |      70 |   0.0 |  1335
          D:15 |       0 |    5300 |   0.0 |       0 |      20 |   0.0 |   343
         Orc:1 |       0 |    1911 |   0.0 |       0 |      22 |   0.0 |   358
         Orc:2 |       0 |     349 |   0.0 |       0 |       8 |   0.0 |    83
               +---------+---------+-------+---------+---------+-------+---------
